← All builds
Tech / Armada / Economy first / OBSERVED BUILD

Standard tech

Armada Tech (Eco) build order · Supreme Isthmus

Rushes T2 factory and T2 constructor to supply the team, upgrading mexes first and sending the first T2 constructor to Geo before scaling its own eco.

Usually first T2 con to Geo (82%)

#eco #t2 #team support · 1779 distinct matches · 271 players · 59% of Armada Tech games · team won 54% of 2103 · Recently observed

HOW TO PLAY IT

Key timing: T2 factory by 4:15

  1. Open 3 mex and heavy wind to fund a fast T2 rush.
  2. Put down Bot Lab, planning to eat it for reclaim soon after.
  3. Get Advanced Bot Lab up, hitting the T2 factory rush timing.
  4. Upgrade mex to Advanced Metal Extractor to lock in team metal income.
  5. Eat Advanced Bot Lab and keep sending cons to Geo and Pond.

Phase by phase

TYPICAL OF ITS 1779 GAMES
  1. 1
  2. 2
  3. 3
  4. 4
PLAY THE OPENING

Follow the example game's first 6:00 step by step: what to build now, what comes next, and where it goes. At 1× it keeps pace with your own game.

  1. 1

    Up to the Bot Lab

    Economy
    • Metal Extractor3Mex
    • Wind Turbine4Wind
    Order
    1. Bot LabBot Lab after 3 mex, 4 winddone ~1:18, middle half 1:13–1:32

    Some games also: energy storage (32%)

    By 1:01 in all: 3 mex · 4 wind

    The example game in this phase · 3 steps
    1. Mex ×3
    2. Wind ×4
    3. Bot LabBot Labdone 1:16 · typical 1:18
  2. 2

    Bot Lab to Advanced Bot Lab

    Economy
    • Metal Extractor1Mex
    • Wind Turbine8Wind
    • Energy Storage1Energy storage
    Order
    1. Advanced Bot LabAdvanced Bot Lab after 4 mex, 12 wind, 3 con turretdone ~4:16, middle half 4:04–4:30
    Builders
    • Construction Turret3 Con turret
    • Lazarus3 Lazarus
    • Construction Bot2 Con bot
    • Construction Bot1 Con bot for allies

    Some games also: converter (36%)

    By 3:18 in all: 4 mex · 12 wind · 1 energy storage · 3 con turret

    The example game in this phase · 19 steps
    1. Wind
    2. LazarusLazarus
    3. Wind ×2
    4. Construction BotCon bot
    5. Wind ×2
    6. LazarusLazarus
    7. Construction BotCon bot
    8. Wind
    9. Mex
    10. Energy storage
    11. LazarusLazarus
    12. Con turret
    13. Wind
    14. Con turret
    15. Wind
    16. Converter
    17. Con turret
    18. Converter ×2
    19. Advanced Bot LabAdvanced Bot Labdone 4:32 · typical 4:16
  3. 3

    Advanced Bot Lab to 5:00

    Economy
    • Wind Turbine3Wind
    Order
    1. Bot LabEat Bot Lab
    Builders
    • Advanced Construction Bot1 T2 con bot for allies

    Some games also: converter (35%)

    By 5:00 in all: 4 mex · 15 wind · 1 converter · 1 energy storage · 3 con turret

    The example game in this phase · 9 steps
    1. Wind
    2. Converter
    3. Wind
    4. Bot LabEat Bot Labreclaimed for its metal
    5. Wind ×12
    6. Advanced Construction BotT2 con botfor Geo
    7. Wind ×2
    8. Advanced Metal ExtractorT2 mexdone 5:18 · typical 5:28
    9. Wind
  4. 4

    5:00 to 10:00

    Economy
    • Wind Turbine43Wind
    • Energy Converter6Converter
    Builders
    • Butler9 Butler
    • Advanced Construction Bot4 T2 con bot for allies
    • Advanced Construction Bot1 T2 con bot

    Some games also: con turret (42%) · Butler for allies (36%)

    By 10:00 in all: 4 mex · 59 wind · 8 converter · 1 energy storage · 3 con turret

    The example game in this phase · 210 steps
    1. Wind
    2. Advanced Construction BotT2 con botfor Geo sea
    3. Advanced Metal ExtractorT2 mex
    4. Wind
    5. Advanced Metal ExtractorT2 mex
    6. GunslingerGunslingerfor Ponddone 6:29
    7. Wind
    8. Advanced Metal ExtractorT2 mex
    9. ButlerButler ×3
    10. Advanced Construction BotT2 con bot ×2for Air
    11. Wind ×2
    12. Advanced Construction BotT2 con botfor Pond
    13. Wind ×4
    14. GunslingerGunslingerfor Geo sea
    15. Wind ×5
    16. ButlerButler
    17. Wind ×2
    18. ButlerButler
    19. Wind
    20. ButlerButler
    21. Wind
    22. UmbrellaAnti-nukedone 9:05
    23. Wind
    24. Con turret
    25. Wind ×4
    26. Converter
    27. Wind ×4
    28. Converter
    29. Wind ×4
    30. Converter
    31. Wind
    32. Converter
    33. Wind ×2
    34. Converter
    35. Wind ×3
    36. Converter
    37. ButlerButler
    38. Wind ×2
    39. Converter
    40. Wind ×2
    41. ButlerButler
    42. Wind
    43. Converter
    44. Wind ×2
    45. ButlerButler
    46. Wind
    47. Converter
    48. Wind
    49. ButlerButler
    50. Wind ×2
    51. Converter
    52. Wind ×3
    53. ButlerButler
    54. Wind
    55. Converter
    56. Wind
    57. ButlerButler
    58. Wind
    59. Converter
    60. Wind ×3
    61. Advanced Construction BotT2 con botfor Front
    62. Wind ×2
    63. Converter
    64. Wind ×6
    65. ButlerButler
    66. Converter
    67. Wind ×3
    68. ButlerButler
    69. Wind ×4
    70. Converter
    71. Wind ×2
    72. ButlerButler
    73. Wind ×5
    74. Advanced Construction BotT2 con bot
    75. Wind ×8
    76. Converter
    77. Wind
    78. Aircraft PlantAircraft Plantdone 10:56
    79. Wind ×7
    80. Converter
    81. Wind ×7
    82. Converter
    83. Wind ×7
    84. Converter
    85. Wind ×5
    86. Converter
    87. Wind ×7
    88. Construction AircraftCon aircraft
    89. Wind
    90. Converter
    91. Wind
    92. Advanced Bot LabEat Advanced Bot Labreclaimed for its metal
    93. Wind ×6
    94. Converter
    95. Energy storage
    96. Con turret
    97. Wind ×4
    98. Construction AircraftCon aircraft
    99. Wind ×5
    100. Converter
    101. Con turret
    102. Wind ×5
    103. Con turret
    104. Wind ×3
    105. Converter
    106. Construction AircraftCon aircraft
    107. Wind
    108. Con turret
    109. Wind ×4
    110. Converter
    111. Wind ×2
    112. Con turret
    113. Wind
    114. Advanced Aircraft PlantAdvanced Aircraft Plantdone 12:39
    115. Wind ×3
    116. Con turret
    117. Wind ×2
    118. Converter
    119. Wind ×4
    120. StorkLight transport
    121. Wind ×2
    122. Converter
    123. Wind ×6
    124. Converter
    125. Wind ×3
    126. Converter
    127. Wind ×4
    128. Converter
    129. Wind ×5
    130. Converter
    131. Wind ×2
    132. StorkLight transport
    133. Wind
    134. Aircraft PlantEat Aircraft Plantreclaimed for its metal
    135. Wind ×3
    136. Converter
    137. Wind ×4
    138. Converter
    139. Wind ×4
    140. Converter
    141. Wind ×4
    142. Converter
    143. Wind ×7
    144. Converter
    145. AbductorAbductor
    146. Wind ×5
    147. Converter
    148. Wind ×4
    149. Converter
    150. Wind ×4
    151. Converter ×2
    152. AbductorAbductor
    153. Con turret
    154. Wind ×4
    155. Con turret
    156. Converter
    157. Wind ×7
    158. Converter
    159. Wind
    160. Converter
    161. StilettoStilettodone 13:23
    162. Wind ×8
    163. Converter ×2
    164. Wind ×2
    165. Converter
    166. Wind ×6
    167. Converter ×2
    168. Wind ×4
    169. Converter
    170. Wind ×7
    171. Converter
    172. Wind
    173. Converter
    174. Wind ×2
    175. Converter
    176. Wind ×2
    177. StilettoStiletto
    178. Converter
    179. Wind ×4
    180. Converter
    181. Con turret ×2
    182. Wind ×4
    183. Con turret
    184. Wind ×3
    185. Converter
    186. Con turret
    187. Converter
    188. Wind
    189. Converter
    190. Wind
    191. Con turret
    192. Wind ×3
    193. Con turret
    194. Wind ×3
    195. Con turret
    196. Converter
    197. Wind ×2
    198. Converter
    199. Wind
    200. Converter
    201. Wind ×2
    202. OracleOracle
    203. Wind ×4
    204. Converter ×2
    205. Wind ×4
    206. HighwindHighwind
    207. Wind ×2
    208. Converter
    209. Wind ×2
    210. HighwindHighwind

Counts are medians over the build's games: half of them build more, half fewer. The example game is Fakepilot's (35 OS, 15/10/2026); pick another.

Team trades

IN AT LEAST 30% OF ITS GAMES

You hand over

  • Construction Bot1 Con bot to Airfirst at 2:23 · in 83% of games
  • Advanced Construction Bot5 T2 con bot to Air or Pond or Geo seafirst at 4:51 · in 99% of games
  • Butler2 Butler to Geo sea or Beach sea or Pondfirst at 9:06 · in 42% of games

You get

  • Hercules1 Light transport from Airfirst at 4:01 · in 86% of games

How it plays out

Typical game of this build, running totals by minute

Metal produced

020k40k
0:005:0010:0015:00

metal

Enemy metal destroyed

050100
0:005:0010:0015:00

metal

Own metal lost

050100150
0:005:0010:0015:00

metal

2103 games.

Show as table
ByMetal produced: This buildEnemy metal destroyed: This buildOwn metal lost: This build
1:0038300
2:0091500
3:00165500
4:00314800
5:00484700
6:00580500
7:00724700
8:00908400
9:001121800
10:001354500
11:001626000
12:001967800
13:002346800
14:0027372074
15:003159093130
WHAT THE NUMBERS SAY

Standard Tech play barely fights at all early, instead pouring metal into T2 infrastructure and constructors for the team.

  • + Metal produced hits 31679 by 15:00, by far the highest of any role here.
  • + T2 factory reached in 97% of games by 4:15, fastest and most reliable T2 timing.
  • − Enemy metal destroyed stays at 0 through 10:00, no early offense at all.
  • − Own metal lost also near 0, showing total avoidance of combat risk.
THE EXAMPLE YOU ARE READING

Fakepilot

34.8 OS · 15/10/2026

Open source match ↗

1 received units
3252 metal received · 43735 energy received

Allied construction assistance is unknown. Timings are observations, not a promise of solo reproducibility.

Typical milestones

Bot Lab1:18Middle 50%: 1:13–1:32 · n=2103
Advanced Bot Lab4:16Middle 50%: 4:04–4:30 · n=2096
Advanced Metal Extractor5:28Middle 50%: 5:05–5:58 · n=2099

Played most by

Amrissa97games of this buildTheGeneraI70games of this buildAdeus62games of this buildUncle_Cane60games of this buildCrouxy54games of this build